Map: Orbital Shipyard

Players

EnvyusViolet (viOLet) - Winner!

  • Race: Zerg Zerg
  • League: Grandmaster

iGXiGua (XiGua)

  • Race: Zerg Zerg

Event: 2016 WCS Winter Circuit Championship

VOD

Have the link to the VOD?

Description

Time

  • Played on: March 2, 2016, 12:40 p.m.
  • Length: 12:21

All games in this series

Show
View Real Time Build Order
Export as new Build Order

EnvyusViolet Zerg - Winner!

Build Orders: Hatch First 

Get SALT Encoding   

  12  0:00  Drone  
  13  0:12  Overlord  
  13  0:17  Drone  
  14  0:30  Drone x2  
  14  0:35  Drone  
  17  0:51  Hatchery  
  17  0:54  Drone  
  17  0:59  Drone  
  18  1:08  Extractor  
  17  1:13  Spawning Pool  
  17  1:14  Drone  
  17  1:18  Drone  
  18  1:28  Drone  
  19  1:40  Overlord  
  19  1:54  Drone  
  19  1:59  Queen  
  19  2:01  Zergling x2  
  23  2:02  Queen  
  23  2:03  Drone  
  26  2:08  Metabolic Boost  
  26  2:11  Drone  
  26  2:14  Drone  
  28  2:22  Drone  
  29  2:25  Drone  
  30  2:35  Drone  
  31  2:41  Hatchery  
  31  2:43  Overlord  
  30  2:44  Drone  
  30  2:48  Drone  
  32  2:55  Zergling x2  
  33  2:59  Zergling x2  
  33  3:07  Zergling x2  
  33  3:08  Zergling x8  
  33  3:10  Zergling x6  
  41  3:16  Queen  
  43  3:23  Overlord  
  43  3:25  Drone  
  44  3:36  Roach Warren  
  44  3:37  Drone  
  44  3:41  Drone  
  44  3:42  Drone x4  
  44  3:46  Overlord  
  49  3:54  Drone  
  50  3:57  Drone x3  
  50  3:58  Drone  
  50  4:00  Drone  
  48  4:16  Zergling x16  
  54  4:23  Lair  
  54  4:26  Zergling x4  
  54  4:30  Zergling x2  
  55  4:41  Zergling x10  
  55  4:45  Extractor  
  57  4:46  Drone x2, Extractor  
  57  4:49  Drone x2  
  57  4:51  Drone x2  
  62  4:53  Drone x2  
  62  4:57  Drone x2  
  65  5:01  Extractor, Overlord  
  65  5:02  Drone  
  65  5:06  Drone  
  65  5:08  Drone  
  65  5:12  Drone x2  
  65  5:13  Drone x2  
  66  5:22  Drone  
  66  5:23  Spire, Drone x4  
  66  5:26  Zergling x2  
  70  5:30  Zergling x2  
  70  5:31  Zergling x2  
  70  5:34  Zergling x4  
  70  5:35  Spine Crawler  
  72  5:40  Drone, Overlord  
  73  5:48  Drone  
  74  5:50  Overlord  
  74  5:51  Extractor  
  74  5:52  Extractor  
  74  5:54  Drone x2  
  74  5:56  Drone x4  
  73  5:57  Queen  
  73  5:59  Overlord  
  73  6:03  Drone  
  75  6:08  Overlord  
  75  6:09  Zergling x4  
  75  6:10  Zergling x2  
  78  6:15  Zergling x2  
  78  6:16  Zergling x8  
  83  6:24  Zergling x4  
  85  6:29  Zergling x6  
  83  6:35  Mutalisk x3  
  83  6:37  Mutalisk  
  83  6:39  Roach  
  89  6:43  Mutalisk  
  89  6:44  Mutalisk  
  91  6:47  Zerg Flyer Armor Level 1  
  91  6:48  Mutalisk x3  
  93  6:55  Mutalisk  
  93  7:00  Spore Crawler x2  
  93  7:02  Spore Crawler  
  93  7:06  Drone x5  
  97  7:11  Queen  
  97  7:17  Mutalisk x4  
  97  7:19  Overlord x2  
  105  7:23  Hatchery  
  105  7:26  Drone  
  105  7:28  Evolution Chamber  
  105  7:29  Evolution Chamber  
  103  7:35  Drone  
  103  7:36  Drone x2  
  105  7:37  Mutalisk  
  105  7:38  Mutalisk x2  
  105  7:40  Drone  
  105  7:41  Drone x2  
  114  7:52  Drone  
  114  7:55  Zerg Ground Armor Level 1  
  114  7:56  Zerg Melee Weapons Level 1  
  115  7:58  Zergling x2  
  115  7:59  Zergling x12  
  122  8:11  Overlord x3  
  122  8:14  Overlord  
  122  8:21  Overlord x2  
  120  8:27  Infestation Pit  
  120  8:30  Mutalisk x6  
  120  8:32  Zergling x2  
  131  8:41  Zerg Flyer Weapons Level 1  
  131  8:43  Mutalisk  
  131  8:44  Zergling x18  
  135  8:48  Extractor  
  135  8:52  Mutalisk, Zergling x6  
  137  8:57  Mutalisk  
  137  8:58  Mutalisk  
  140  9:05  Mutalisk  
  140  9:06  Zergling x4  
  140  9:07  Mutalisk  
  146  9:12  Zergling x2  
  146  9:13  Zergling x10  
  152  9:19  Zergling x12  
  158  9:25  Extractor  
  157  9:35  Mutalisk x4  
  157  9:36  Zergling x6  
  167  9:44  Overlord x3  
  166  9:48  Queen  
  167  9:53  Queen  
  158  10:04  Zergling x6  
  156  10:09  Zergling x8  
  153  10:14  Mutalisk  
  153  10:15  Zergling x2  
  150  10:28  Mutalisk x7  
  146  10:29  Zergling x4  
  146  10:31  Queen x2  
  164  10:36  Mutalisk  
  164  10:37  Mutalisk  
Show
View Real Time Build Order
Export as new Build Order

iGXiGua Zerg 

Build Orders: 3 Hatch before Pool 

Get SALT Encoding   

  12  0:00  Drone  
  13  0:09  Drone  
  14  0:17  Overlord  
  14  0:23  Extractor  
  14  0:24  Drone  
  15  0:35  Drone x2  
  17  0:52  Hatchery  
  17  0:54  Drone  
  17  0:58  Drone  
  18  1:17  Hatchery  
  17  1:21  Drone  
  17  1:23  Drone  
  19  1:30  Extractor  
  18  1:38  Spawning Pool  
  17  1:41  Drone  
  17  1:44  Drone  
  19  1:49  Drone  
  20  1:59  Drone  
  21  2:03  Drone  
  22  2:09  Drone  
  22  2:14  Overlord  
  23  2:26  Queen x2  
  23  2:27  Zergling x2  
  28  2:31  Metabolic Boost  
  28  2:37  Drone  
  29  2:38  Drone  
  29  2:40  Drone  
  31  2:46  Zergling x2  
  31  2:47  Drone  
  31  2:48  Drone  
  34  2:54  Drone x2  
  36  2:59  Spine Crawler  
  36  3:00  Drone  
  36  3:08  Overlord  
  36  3:11  Drone  
  36  3:12  Drone x2  
  38  3:22  Roach Warren, Overlord  
  38  3:23  Drone  
  38  3:25  Drone  
  39  3:30  Drone x3  
  42  3:35  Zergling x4  
  42  3:40  Zergling x2  
  42  3:41  Spine Crawler  
  44  3:42  Zergling x2  
  44  3:45  Zergling x2  
  44  3:46  Zergling x2  
  47  3:52  Zergling x6  
  45  4:04  Lair  
  45  4:08  Drone x5  
  49  4:13  Drone x2  
  49  4:16  Drone  
  52  4:19  Drone  
  52  4:22  Queen  
  55  4:24  Drone  
  55  4:25  Drone, Extractor  
  55  4:27  Overlord  
  56  4:33  Drone  
  56  4:34  Extractor x2  
  56  4:38  Drone x2  
  57  4:45  Drone x2, Overlord  
  57  4:50  Roach x4  
  64  4:54  Drone x2  
  64  4:55  Extractor x2  
  64  4:58  Drone  
  64  5:04  Queen  
  64  5:05  Drone  
  64  5:06  Drone  
  68  5:10  Drone  
  66  5:14  Spire  
  66  5:15  Drone x3  
  66  5:18  Drone  
  66  5:19  Drone x2  
  71  5:22  Drone  
  72  5:31  Zergling x2  
  72  5:32  Zergling x8  
  72  5:35  Zergling x4  
  73  5:37  Overlord  
  73  5:39  Overlord  
  71  5:48  Zergling x6  
  71  5:54  Drone x3  
  71  5:56  Drone x2  
  74  6:01  Overseer, Drone x2  
  74  6:02  Overlord  
  74  6:03  Drone  
  77  6:11  Zergling x6  
  80  6:15  Overlord  
  80  6:17  Overlord  
  80  6:23  Zergling x6  
  83  6:29  Zergling x8  
  85  6:34  Zergling x2  
  85  6:37  Zerg Flyer Armor Level 1  
  85  6:39  Mutalisk x2  
  87  6:42  Mutalisk  
  87  6:45  Mutalisk x3  
  94  6:52  Mutalisk  
  88  6:58  Mutalisk x2  
  88  7:01  Mutalisk  
  92  7:07  Mutalisk  
  92  7:08  Mutalisk x4  
  98  7:10  Zergling x2  
  98  7:11  Zergling x4  
  98  7:13  Overlord  
  107  7:16  Mutalisk  
  107  7:18  Overlord  
  107  7:22  Overlord  
  109  7:32  Hatchery  
  103  7:39  Mutalisk x4  
  103  7:42  Zergling x2  
  103  7:43  Zergling x6  
  115  7:47  Mutalisk  
  115  7:49  Zergling x2  
  115  7:50  Zergling x4  
  119  7:53  Mutalisk  
  121  8:00  Overlord x2  
  121  8:07  Overlord  
  121  8:12  Extractor x2  
  119  8:18  Overlord  
  117  8:23  Drone x6  
  117  8:25  Mutalisk x4  
  117  8:26  Mutalisk  
  132  8:31  Mutalisk  
  132  8:33  Mutalisk  
  134  8:37  Zergling x4  
  138  8:46  Mutalisk x2  
  142  8:50  Zergling x8  
  142  8:53  Hatchery  
  142  8:55  Mutalisk  
  141  9:06  Mutalisk  
  141  9:09  Zergling x2  
  144  9:10  Zergling x10  
  144  9:13  Zergling x2  
  144  9:14  Zergling x4  
  150  9:17  Overlord  
  150  9:22  Overlord  
  150  9:23  Overlord  
  150  9:32  Overlord  
  150  9:34  Mutalisk x2  
  150  9:36  Mutalisk  
  150  9:38  Zergling x4  
  156  9:43  Mutalisk  
  156  9:44  Mutalisk  
  158  9:52  Mutalisk x2  
  161  9:57  Mutalisk  
  160  10:06  Mutalisk x2  
  147  10:08  Zergling x10  
  134  10:17  Spire  
  131  10:26  Zergling x2  
  131  10:27  Zergling x4  
  112  10:32  Zergling x2  
  112  10:33  Zergling x8  
Tags
 
Add a new tag
Caveats
  • Supply blocks, unpowered buildings, or Contaminate may cause inaccurate times.
  • Supply counts are checked every 10 seconds.